 Dungeon Crawl Stone Soup version 0.23.0 (webtiles) character file.

Game seed: 3614818506958629325

401 lyphon the Conjurer (level 6, -2/27 HPs)
             Began as a Felid Fire Elementalist on Feb 14, 2019.
             Was an Initiate of Sif Muna.
             Succumbed to a water moccasin's poison
             ... on level 4 of the Dungeon.
             The game lasted 00:12:35 (5472 turns).

lyphon the Conjurer (Felid Fire Elementalist)       Turns: 5472, Time: 00:12:35

Health: -2/27      AC:  2    Str:  4    XL:     6   Next: 54%
Magic:  0/12       EV: 18    Int: 18    God:    Sif Muna [......]
Gold:   136        SH:  0    Dex: 17    Spells: 7/11 levels left
                                        Lives:  0   Deaths: 1

rFire    . . .     SeeInvis +   (weapon unavailable)
rCold    . . .     Gourm    .   (shield unavailable)
rNeg     . . .     Faith    .   (armour unavailable)
rPois    .         Spirit   .   (helmet unavailable)
rElec    .         Reflect  .   (cloak unavailable)
rCorr    .         Harm     .   (gloves unavailable)
MR       .....                  (boots unavailable)
Stlth    +++.......             (no amulet)
HPRegen  0.09/turn              (no ring)
MPRegen  0.13/turn              (no ring)

@: lethally poisoned (-2 -> -51), quick
A: very small, no armour, no weapons or thrown items, stealth, claws 1, fangs 3,
see invisible, carnivore, speed 1, shaggy fur 2, slow metabolism 1, sharp paws
a: Renounce Religion


You were on level 4 of the Dungeon.
You worshipped Sif Muna.
Sif Muna was noncommittal.
You were not hungry.

You visited 2 branches of the dungeon, and saw 6 of its levels.

You collected 136 gold pieces.

Inventory:

Magical Staves
 o - an uncursed staff of power
Wands
 m - a wand of digging (7)
 p - a wand of random effects (20)
Scrolls
 a - 2 scrolls of enchant armour {unknown}
 d - 2 scrolls of teleportation {unknown}
 f - a scroll of immolation {unknown}
 h - 4 scrolls of identify {unknown}
 j - a scroll of fog {unknown}
 l - a scroll of amnesia {unknown}
 n - a scroll of remove curse {unknown}
 q - a scroll of magic mapping {unknown}
 r - a scroll of fear {unknown}
Potions
 c - a potion of curing {unknown}
 e - 2 potions of agility {unknown}
 g - 2 potions of haste {unknown}
 i - 2 potions of brilliance {unknown}
 k - a potion of might {unknown}
Comestibles
 b - 9 rations


   Skills:
 + Level 2.8 Fighting
 - Level 2.6 Dodging
 - Level 2.6 Stealth
 + Level 3.4 Spellcasting
 * Level 4.1 Conjurations
 + Level 3.9 Fire Magic


You had 7 spell levels left.
You knew the following spells:

 Your Spells              Type           Power        Failure   Level  Hunger
a - Flame Tongue          Conj/Fire      ###..        3%          1    None
c - Conjure Flame         Conj/Fire      ###.....     9%          3    ###....

Your spell library contained the following spells:

 Spells                   Type           Power        Failure   Level  Hunger
 Throw Flame              Conj/Fire      ###...       4%          2    ##.....
 Inner Flame              Hex/Fire       ##......     21%         3    ###....
 Sticky Flame             Conj/Fire      ###.....     30%         4    ####...
 Fireball                 Conj/Fire      ###.......   63%         5    ######.


Dungeon Overview and Level Annotations

Branches:
Dungeon (5/15)             Temple (1/1) D:4

Altars:
Ashenzari
Elyvilon
Gozag
Hepliaklqana
Makhleb
Nemelex Xobeh
Okawaru
Sif Muna
Trog
Vehumet
Yredelemnul
Zin


Innate Abilities, Weirdness & Mutations

You cannot wear armour.
You are incapable of wielding weapons or throwing items.
Your paws allow you to move quietly. (Stealth)
You have sharp claws.
You have razor-sharp teeth.
You have supernaturally acute eyesight. (SInv)
You are carnivorous and can eat meat at any time.
You cover ground quickly.
You are covered in thick fur. (AC +2)
You have a slow metabolism.
Your sharp claws are effective at attacking unaware monsters.


Message History

Aim: a water moccasin (almost dead)
The flame tongue misses the water moccasin.
* * * LOW HITPOINT WARNING * * *
You feel sick.
The water moccasin completely misses you.
You scratch the water moccasin.
The water moccasin is almost dead.
* * * LOW HITPOINT WARNING * * *
You feel very sick. The water moccasin bites you.
* * * LOW HITPOINT WARNING * * *
You are more poisoned.
The water moccasin poisons you! The water moccasin barely misses you.
Casting: Flame Tongue (safe; 3% risk of failure)
Confirm with . or Enter, or press ? or * to list all spells.
Aiming: Flame Tongue (safe; 3% risk of failure)
Press: ? - help, Shift-Dir - straight line, f/p - water moccasin
Aim: a water moccasin (almost dead)
The flame tongue misses the water moccasin.
You die...

....# #.# #.#.#
...######.#
##.##
..........# #.#
.########## #.#
.# #.# .# #.# .#
#.# .# #S# .#
####@# .# #...O#
.# #....# .#
#...## .# ##.##
## #.#
#############.#
##.............#
...#############


You could see a water moccasin and an ogre.

Vanquished Creatures
  A phantom (D:4)
  A bullfrog (D:4)
  An orc priest (D:4)
  2 orc wizards
  A worker ant (D:5)
  A hound skeleton (D:4)
  A worker ant zombie (D:5)
  7 adders
  5 worms
  4 leopard geckos
  14 orcs
  7 bats
  4 giant cockroaches
  7 goblins
  6 hobgoblins
  2 jackals (D:4)
  9 kobolds
  A quokka (D:2)
  A ball python (D:4)
  A ball python skeleton (D:4)
  7 frilled lizards
  8 rats
91 creatures vanquished.

Notes
Turn   | Place    | Note
-------+----------+-------------------------------------------
     0 | D:1      | lyphon the Felid Fire Elementalist began the quest for the
                  | Orb.
     0 | D:1      | Reached XP level 1. HP: 7/7 MP: 4/4
    23 | D:1      | Reached skill level 1 in Conjurations
   419 | D:1      | Reached XP level 2. HP: 12/12 MP: 1/6
   722 | D:2      | Reached skill level 1 in Fighting
   722 | D:2      | Reached XP level 3. HP: 15/15 MP: 3/7
   928 | D:2      | Reached skill level 2 in Conjurations
  1880 | D:3      | Reached XP level 4. HP: 17/19 MP: 2/8
  3111 | D:4      | Killed from afar by an orc wizard
  3112 | D:4      | Reached XP level 3. HP: 0/16 MP: 8/8
  3225 | D:3      | Reached XP level 4. HP: 2/19 MP: 2/9
  3529 | D:4      | Noticed a phantom
  3530 | D:4      | Reached skill level 3 in Conjurations
  3966 | D:4      | Noticed a bullfrog
  3972 | D:4      | Learned a level 3 spell: Conjure Flame
  3974 | D:4      | Killed a bullfrog
  3974 | D:4      | Reached XP level 5. HP: 19/22 MP: 4/10
  4294 | D:4      | Found a staircase to the Ecumenical Temple.
  4307 | Temple   | Entered the Ecumenical Temple
  4415 | Temple   | Became a worshipper of Sif Muna the Loreminder
  4575 | D:4      | Killed a phantom
  4575 | D:4      | Gained mutation: You are covered in thick fur. (AC +2)
                  | [Felid growth]
  4575 | D:4      | Reached XP level 6. HP: 27/27 MP: 0/11
  4802 | D:4      | Reached skill level 4 in Conjurations
  4960 | D:5      | Entered Level 5 of the Dungeon
  5435 | D:5      | Noticed a water moccasin
  5471 | D:4      | HP: 1/27 [water moccasin (2)]
  5472 | D:4      | Succumbed to a water moccasin's poison

Skill      XL: |  1  2  3  4  5  6 |
---------------+-------------------+-----
Conjurations   | 1 2 3 4 |  4.1
Fighting       | 1 2 |  2.8
Fire Magic     | 3 |  3.9
Spellcasting   | 3 |  3.4
Dodging        | |  2.6
Stealth        | |  2.6

Action                   |  1- 3 |  4- 6 || total
-------------------------+-------+-------++-------
Melee: Unarmed           |    34 |    18 ||    52
       Bite              |     5 |     2 ||     7
 Cast: Flame Tongue      |    88 |   150 ||   238
 Stab: Distracted        |     1 |       ||     1
       Sleeping          |       |     1 ||     1
  Eat: Chunk             |     3 |     3 ||     6
Armor: Skin              |     1 |     1 ||     2
Dodge: Dodged            |    47 |    79 ||   126
